Map: Temple gelé

Players

Yoghurt - Winner!

  • Race: Terran Terran
  • League: Platinum
  • Spawn Location: 11:00

zidar

  • Race: Zerg Zerg
  • League: Platinum
  • Spawn Location: 5:00

VOD

Have the link to the VOD?

Description

Time

  • Played on: Nov. 7, 2016, 2:17 p.m.
  • Length: 16:38
Show
View Real Time Build Order
Export as new Build Order

Yoghurt Terran - Winner!

Build Orders: Reaper Expand, Mech 

Get SALT Encoding   

  12  0:00  SCV  
  13  0:12  SCV  
  14  0:18  Supply Depot  
  14  0:25  SCV  
  15  0:40  SCV  
  15  0:41  Barracks  
  16  0:50  Refinery  
  16  0:52  SCV  
  17  1:04  SCV  
  18  1:16  SCV  
  19  1:29  Orbital Command  
  19  1:39  Reaper  
  20  1:44  Command Center  
  20  1:51  Refinery  
  20  1:55  SCV  
  21  2:06  Supply Depot  
  21  2:10  SCV  
  22  2:22  SCV, Barracks Reactor  
  23  2:32  Factory  
  23  2:34  SCV  
  24  2:46  SCV  
  24  2:47  Supply Depot  
  25  2:59  SCV  
  26  3:11  SCV  
  27  3:14  Orbital Command  
  27  3:23  Factory, SCV  
  27  3:25  Hellion x2  
  32  3:30  Barracks Tech Lab  
  32  3:31  Orbital Command  
  32  3:35  SCV  
  32  3:36  Supply Depot  
  33  3:48  Hellion x2  
  37  3:49  SCV  
  38  4:02  SCV  
  39  4:03  SCV  
  44  4:14  SCV  
  44  4:15  SCV  
  44  4:16  Widow Mine x2  
  46  4:18  Supply Depot  
  46  4:20  Supply Depot  
  46  4:26  SCV  
  46  4:27  SCV  
  48  4:32  Refinery  
  48  4:35  Refinery  
  48  4:38  SCV  
  49  4:39  SCV  
  50  4:50  SCV  
  50  4:51  SCV  
  52  5:01  Hellion x2  
  52  5:02  SCV, Infernal Pre-Igniter  
  52  5:04  SCV  
  58  5:14  SCV  
  58  5:16  SCV  
  60  5:25  Factory  
  60  5:26  SCV  
  60  5:28  Factory, SCV  
  62  5:31  Supply Depot  
  62  5:32  Supply Depot  
  62  5:38  Siege Tank  
  65  5:44  SCV  
  65  5:45  SCV  
  65  5:47  Supply Depot  
  67  5:57  SCV x2  
  68  6:00  Supply Depot  
  68  6:03  Supply Depot  
  69  6:10  Factory Tech Lab, Siege Tank  
  76  6:11  Factory Reactor  
  76  6:12  Widow Mine  
  76  6:13  Widow Mine  
  76  6:16  SCV x2  
  78  6:18  Armory  
  78  6:20  Armory  
  78  6:23  Command Center  
  78  6:28  SCV x2  
  80  6:40  SCV x2  
  80  6:44  Siege Tank  
  85  6:48  Hellion x2  
  85  6:52  SCV  
  85  6:53  SCV  
  91  7:04  SCV  
  91  7:05  SCV  
  93  7:13  Terran Vehicle Weapons Level 1, Terran Vehicle And Ship Armor Level 1  
  93  7:14  Thor  
  99  7:16  Thor  
  99  7:17  Hellion x2  
  99  7:20  Hellion x2  
  113  7:30  Engineering Bay  
  113  7:32  Supply Depot  
  113  7:33  Supply Depot  
  113  7:35  Supply Depot  
  113  7:40  SCV  
  108  8:17  Thor, Siege Tank  
  108  8:19  Hellion x4  
  119  8:40  Hellion x3  
  125  8:48  SCV x2  
  128  8:49  Thor  
  128  8:50  Orbital Command  
  133  9:00  SCV x2, Siege Tank  
  133  9:01  Hellion x3  
  133  9:02  Hellion  
  146  9:09  Refinery  
  146  9:10  Supply Depot x2  
  146  9:11  Refinery  
  146  9:13  Supply Depot  
  146  9:14  Supply Depot  
  146  9:21  Terran Vehicle Weapons Level 2, Terran Vehicle And Ship Armor Level 2  
  146  9:23  Hellion x3  
  152  9:31  Thor, Missile Turret  
  152  9:32  Missile Turret, Siege Tank  
  152  9:33  Missile Turret  
  152  9:34  Missile Turret  
  152  9:36  Missile Turret  
  161  9:39  Missile Turret  
  161  9:47  Missile Turret  
  161  10:04  Thor  
  171  10:07  Hellion x4  
  175  10:14  Thor  
  175  10:17  Supply Depot  
  181  10:24  Command Center  
  185  10:28  Hellion x2  
  185  10:29  Hellion  
  187  10:41  Hellion  
  189  10:47  Siege Tank  
  196  10:50  Hellion x3  
  198  11:03  Hellion  
  200  11:14  Factory  
  200  11:17  Factory  
  200  11:52  Terran Vehicle Weapons Level 3, Terran Vehicle And Ship Armor Level 3  
  200  12:08  Orbital Command  
  166  12:52  Thor x2  
  166  12:54  Hellion x6  
  180  13:15  Hellion x3  
  180  13:16  Hellion x3  
  117  13:35  Siege Tank x2  
  117  13:36  Hellion  
  117  13:37  Hellion x5  
  112  13:58  Hellion x5  
  112  13:59  Hellion  
  106  14:07  Thor  
  106  14:08  Siege Tank  
  94  14:19  Hellion  
  94  14:23  Hellion x4  
  94  14:24  Hellion  
  86  14:39  Thor  
  86  14:41  Hellion  
  86  14:45  Hellion x3  
  98  14:50  Siege Tank  
  98  14:51  Factory Tech Lab, Factory Reactor  
  99  15:09  Siege Tank  
  102  15:22  Thor, Siege Tank  
  102  15:26  Missile Turret  
  102  15:27  Refinery, Missile Turret  
  102  15:28  Missile Turret  
  111  15:39  Hellion  
  111  15:40  Thor, Hellion x5  
  129  15:54  Thor  
  135  16:01  Refinery, Hellion x5  
  135  16:02  Hellion  
  147  16:05  Siege Tank  
Show
View Real Time Build Order
Export as new Build Order

zidar Zerg 

Build Orders: Hatch First 

Get SALT Encoding   

  12  0:01  Drone  
  13  0:13  Overlord  
  13  0:17  Drone  
  14  0:31  Drone x2  
  16  0:51  Hatchery  
  16  0:55  Drone  
  16  0:58  Extractor  
  16  1:00  Drone  
  16  1:20  Spawning Pool  
  16  1:22  Drone  
  16  1:27  Drone  
  16  1:32  Drone  
  18  1:36  Drone  
  19  2:08  Queen x2  
  19  2:11  Metabolic Boost  
  23  2:20  Zergling x2  
  23  2:21  Zergling x4  
  25  2:25  Drone  
  26  2:33  Baneling Nest  
  26  2:37  Overlord  
  25  3:01  Drone x5  
  25  3:02  Drone  
  31  3:16  Pneumatized Carapace  
  31  3:22  Extractor  
  30  3:32  Drone x6  
  36  3:59  Overlord x4  
  36  4:03  Lair  
  36  4:24  Roach Warren, Zergling x18  
  44  4:51  Drone x3  
  44  4:52  Drone x3  
  50  5:04  Overlord  
  50  5:05  Overlord  
  50  5:07  Hatchery  
  50  5:10  Extractor  
  50  5:13  Extractor  
  50  5:14  Drone x3  
  50  5:20  Roach x3  
  56  5:31  Queen  
  58  5:39  Drone x2  
  58  5:40  Drone x4  
  64  5:53  Evolution Chamber  
  64  5:55  Evolution Chamber  
  64  5:56  Drone x2  
  64  5:57  Drone x2  
  66  6:14  Glial Reconstitution  
  66  6:19  Roach x6  
  77  6:42  Drone  
  77  6:43  Drone x3  
  81  6:49  Zerg Ground Armor Level 1  
  81  6:51  Zerg Melee Weapons Level 1  
  81  6:52  Infestation Pit  
  80  7:04  Overlord x3  
  80  7:05  Overlord  
  80  7:35  Roach  
  80  7:36  Roach x6  
  94  7:40  Hive  
  94  7:48  Overseer  
  83  8:25  Drone x2  
  83  8:26  Drone  
  86  8:28  Drone  
  86  8:29  Drone x9  
  86  8:30  Drone x3  
  86  8:31  Drone x3  
  86  8:32  Drone x2  
  86  8:33  Drone x2  
  106  8:50  Extractor  
  106  8:51  Extractor  
  104  8:57  Zerg Missile Weapons Level 1  
  104  8:58  Zerg Ground Armor Level 2  
  104  9:05  Hydralisk Den  
  103  9:13  Overlord  
  103  9:14  Overlord x4  
  103  9:16  Overseer  
  103  9:25  Overseer  
  103  9:40  Ultralisk Cavern  
  103  9:43  Hydralisk x4  
  103  9:44  Hydralisk x6  
  103  9:45  Roach x3  
  128  9:46  Roach x3  
  134  10:06  Muscular Augments  
  134  10:14  Overlord x3  
  134  10:15  Overlord  
  134  10:23  Hatchery  
  133  10:32  Roach x9  
  133  10:33  Roach x3  
  133  10:35  Chitinous Plating  
  157  10:39  Adrenal Glands  
  157  10:47  Drone  
  157  10:48  Drone x2  
  160  11:06  Hatchery  
  165  11:25  Ultralisk  
  165  11:26  Ultralisk x2  
  165  11:31  Zerg Melee Weapons Level 2, Zerg Ground Armor Level 3  
  177  11:35  Overlord x5  
  177  11:36  Overlord  
  177  11:37  Overlord  
  177  12:24  Ultralisk x2  
  177  12:25  Ultralisk, Hydralisk x2  
  124  12:57  Roach x3  
  124  12:58  Roach x29  
  146  12:59  Roach x6  
  146  13:00  Roach  
  133  13:43  Roach x10  
  103  14:37  Hatchery  
  84  14:50  Roach x3  
  84  14:51  Roach x6  
  102  15:27  Overseer  
  102  15:29  Overseer  
  102  16:05  Hatchery  
Tags
 
Add a new tag
Caveats
  • Supply blocks, unpowered buildings, or Contaminate may cause inaccurate times.
  • Supply counts are checked every 10 seconds.